 Dungeon Crawl Stone Soup version 0.28.0-1-gb440e238dd (webtiles) character file.

Game seed: 11354063314305354143

84 Kaptain the Digger (level 4, 0/25 HPs)
             Began as an Octopode Earth Elementalist on Feb 23, 2022.
             Succumbed to Crazy Yiuf's poison
             ... on level 2 of the Dungeon.
             The game lasted 00:04:02 (1836 turns).

Kaptain the Digger (Octopode Earth Elementalist)    Turns: 1836, Time: 00:04:03

Health: 0/25       AC:  1    Str:  7    XL:     4   Next: 46%
Magic:  8/8        EV: 13    Int: 19    God:
Gold:   64         SH:  0    Dex: 12    Spells: 4/8 levels left

rFire   . . .      SeeInvis .   h - +0 short sword
rCold   . . .      Faith    .   (no shield)
rNeg    . . .      Spirit   .   (helmet restricted)
rPois   +          Reflect  .   (no amulet)
rElec   .          Harm     .   (no ring)
rCorr   .          Rampage  .   (no ring)
Will    .....                   (no ring)
Stlth   +++.......              (no ring)
HPRegen 0.08/turn               (no ring)
MPRegen 0.11/turn               (no ring)
                                (no ring)
                                (no ring)

@: lethally poisoned (0 -> -12)
A: almost no armour, amphibious, 8 rings, camouflage 1, gelatinous body 1,
(nimble swimmer 1), tentacles, tentacle spike 1, frail 1, poison resistance
a: no special abilities


You were on level 2 of the Dungeon.
You visited 1 branch of the dungeon, and saw 2 of its levels.

You collected 64 gold pieces.

Inventory:

Hand Weapons
 h - a +0 short sword (weapon)
 j - a +0 hunting sling
Missiles
 b - 10 stones
 f - a poisoned dart (quivered)
Scrolls
 a - a scroll of teleportation {unknown}
 d - 2 scrolls of identify {unknown}
 e - a scroll of vulnerability {unknown}
 k - a scroll of magic mapping {unknown}
 l - a scroll of acquirement {unknown}
Potions
 g - a potion of curing {unknown}
 i - a potion of berserk rage {unknown}


   Skills:
 * Level 1.1 Fighting
 + Level 2.3 Dodging
 + Level 3.2 Stealth
 * Level 2.7 Spellcasting
 * Level 1.2 Conjurations
 - Level 1.0 Transmutations
 * Level 3.6 Earth Magic


You had 4 spell levels left.
You knew the following spells:

 Your Spells              Type           Power      Damage    Failure   Level
a - Sandblast             Erth           32%        2d9       3%          1
b - Stone Arrow           Conj/Erth      22%        3d8       17%         3

Your spell library contained the following spells:

 Spells                   Type           Power      Damage    Failure   Level
 Passwall                 Tmut/Erth      9%         N/A       9%          2
 Petrify                  Tmut/Erth      11%        N/A       52%         4


Dungeon Overview and Level Annotations

Branches:
Dungeon (2/15)

Altars:

Annotations:
D:2 Crazy Yiuf


Innate Abilities, Weirdness & Mutations

You cannot wear most types of armour.
You are amphibious.
You can wear up to eight rings at the same time.
Your skin changes colour to match your surroundings (Stealth+).
Your rubbery body absorbs attacks. (AC +1, EV +1)
((You are camouflaged when in or above water. (Stealth+)))
You have tentacles for arms and can constrict up to eight enemies at once.
One of your tentacles bears a spike.
You are frail. (-10% HP)
Your system is resistant to poisons. (rPois)


Message History

Found 10 gold pieces and a scroll labelled TAPTEH HIKKOCANGU.
You hit the hobgoblin.
You kill the hobgoblin!
You see here a hobgoblin corpse.
f - a poisoned dart
b - 10 stones (gained 1)
f - 2 poisoned darts (gained 1)
f - 3 poisoned darts (gained 1)
f - 4 poisoned darts (gained 1)
You now have 64 gold pieces (gained 10).
k - a scroll labelled TAPTEH HIKKOCANGU
l - a scroll labelled EVVAUDAYBEWN
Found a mace.
Found a runed translucent door.
You open the door.
Crazy Yiuf shouts!
Throw: 4 darts (poison)
Press: ? - help, Q - select action, (/) - cycle Shift-Dir - straight line, f - Crazy Yiuf
Aim: Crazy Yiuf, wielding a +2 quarterstaff of chaos and wearing a +0 cloak (60% to hit)
You throw a poisoned dart. The poisoned dart hits Crazy Yiuf.
Throw: 3 darts (poison)
Press: ? - help, Q - select action, (/) - cycle Shift-Dir - straight line, f/p - Crazy Yiuf
Aim: Crazy Yiuf, wielding a +2 quarterstaff of chaos and wearing a +0 cloak (60% to hit)
You throw a poisoned dart.
The poisoned dart closely misses Crazy Yiuf.
Crazy Yiuf waves his quarterstaff at you.
Throw: 2 darts (poison)
Press: ? - help, Q - select action, (/) - cycle Shift-Dir - straight line, f/p - Crazy Yiuf
Aim: Crazy Yiuf, wielding a +2 quarterstaff of chaos and wearing a +0 cloak (60% to hit)
You throw a poisoned dart. The poisoned dart hits Crazy Yiuf.
Crazy Yiuf hits you with a +2 quarterstaff of chaos!
Ouch! That really hurt!
You are lethally poisoned!
* * * LOW HITPOINT WARNING * * *
You feel very sick.
* * * LOW HITPOINT WARNING * * *
You feel very sick.
Unknown command.
It was a potion of mutation.
You feel extremely strange.
You feel frail.
You feel resistant to poisons.
One of your lower tentacles grows a sharp spike.
You die...

#.. #......##### #.#.# .
#.#.....# #.### ##
#.####..# #.# # .. #+# #
#..# #.. . ## #^# #..#
#.### #.# #### #.. #
##.#### ## ##.....##♣♣♣♣♣
.####.....##...♣@♣♣♣ ###
................♣g.♣#...#
.######.#......♣♣♣♣('...#
## #.##.#..♣♣ ♣♣#..)#
#.#####♣♣ ### #.# #.# #.#


You could see Crazy Yiuf.

Vanquished Creatures
  Natasha (D:2)
  2 adders (D:2)
  3 dart slugs
  3 endoplasms (D:1)
  3 giant cockroaches
  2 goblins (D:2)
  3 hobgoblins
  3 jackals (D:1)
  4 kobolds (D:1)
  3 quokkas
  3 ball pythons (D:1)
  2 bats (D:1)
  2 rats (D:1)
34 creatures vanquished.

Notes
Turn   | Place    | Note
-------+----------+-------------------------------------------
     0 | D:1      | Kaptain the Octopode Earth Elementalist began the quest for
                  | the Orb.
     0 | D:1      | Reached XP level 1. HP: 11/11 MP: 3/3
   139 | D:1      | Reached XP level 2. HP: 17/17 MP: 5/5
   626 | D:1      | Reached XP level 3. HP: 4/22 MP: 0/6
   630 | D:1      | Learned a level 3 spell: Stone Arrow
  1259 | D:1      | Found a faded altar of an unknown god.
  1526 | D:2      | Noticed Natasha
  1535 | D:2      | Killed Natasha
  1536 | D:2      | Reached skill level 1 in Fighting
  1536 | D:2      | Reached skill level 1 in Conjurations
  1536 | D:2      | Reached XP level 4. HP: 18/28 MP: 0/7
  1825 | D:2      | Found a runed translucent door.
  1826 | D:2      | Noticed Crazy Yiuf
  1836 | D:2      | Gained mutation: You are frail. (-10% HP) [potion of
                  | mutation]
  1836 | D:2      | Gained mutation: Your system is resistant to poisons.
                  | (rPois) [potion of mutation]
  1836 | D:2      | Gained mutation: One of your tentacles bears a spike.
                  | [potion of mutation]
  1836 | D:2      | Succumbed to Crazy Yiuf's poison

Illustrated notes

Levels and vault maps discovered:
D:1:      heliophobic_arrival_dark_side_of_the_moon, layout_basic,
          shapermc_ecumenical_altar_petra, lemuel_old_faithful
D:2:      layout_loops_corners, uniq_natasha, uniq_crazy_yiuf_cottage

Skill      XL: |  1  2  3 |
---------------+----------+-----
Stealth        | 3 |  3.2
Fighting       | 1 |  1.1
Conjurations   | 1 |  1.2
Dodging        | |  2.3
Spellcasting   | |  2.7
Transmutations | |  1.0
Earth Magic    | |  3.6

Action                   |  1- 3 |  4- 6 || total
-------------------------+-------+-------++-------
Melee: Dagger            |     6 |       ||     6
       Constrict         |     9 |     2 ||    11
       Tentacles         |     9 |     1 ||    10
       Short sword       |    19 |     9 ||    28
Throw: Dart              |    12 |    12 ||    24
       Boomerang         |    10 |       ||    10
       Stone             |     4 |     2 ||     6
 Cast: Sandblast         |    35 |       ||    35
  Use: Potion            |       |     1 ||     1
 Stab: Sleeping          |     1 |       ||     1
Armor: Skin              |     4 |     1 ||     5
Dodge: Dodged            |    18 |     7 ||    25
